 Dungeon Crawl Stone Soup version 0.28.0-53-g5a82cb258f (webtiles) character file.

Game seed: 9747900368038302597

2354 H0rd4k the Cleaver (level 9, -18/67 HPs)
             Began as a Human Artificer on July 12, 2022.
             Was an Initiate of Gozag.
             Killed from afar by Psyche (40 damage)
             ... with a bolt of acid
             ... on level 8 of the Dungeon.
             The game lasted 00:08:19 (8442 turns).

H0rd4k the Cleaver (Human Artificer)                Turns: 8442, Time: 00:08:20

Health: -18/67     AC:  2    Str: 17    XL:     9   Next: 71%
Magic:  11/11      EV: 16    Int: 18    God:    Gozag
Gold:   649        SH:  0    Dex:  8    Spells: 7/11 levels left

rFire   . . .      SeeInvis .   q - +7 broad axe of Xeec {vorpal, Str+3 Int+3 Dex-5}
rCold   . . .      Faith    .   (no shield)
rNeg    . . .      Spirit   .   b - +0 leather armour
rPois   .          Reflect  .   (no helmet)
rElec   .          Harm     .   J - +2 cloak
rCorr   .          Rampage  .   (no gloves)
Will    .....                   (no boots)
Stlth   +.........              r - amulet of regeneration
HPRegen 1.01/turn               i - +4 ring of evasion
MPRegen 0.12/turn               p - ring of wizardry

@: lethally poisoned (-18 -> -19), corroded
A: no striking features
a: Renounce Religion, Potion Petition, Call Merchant, Bribe Branch


You were on level 8 of the Dungeon.
You worshipped Gozag.
Gozag was pleased with you.
You visited 2 branches of the dungeon, and saw 9 of its levels.

You collected 698 gold pieces.
You paid 49 gold pieces to Gozag.

Inventory:

Hand Weapons
 a - a +0 club
 q - the +7 broad axe of Xeec (weapon) {vorpal, Str+3 Int+3 Dex-5}
   (You found it on level 2 of the Dungeon)

   It inflicts extra damage upon your enemies.
   Str:       It affects your strength (+3).
   Int:       It affects your intelligence (+3).
   Dex:       It affects your dexterity (-5).
 s - a +1 short sword of flaming
 u - a +1 falchion of protection
Missiles
 n - 12 poisoned darts (quivered)
 C - 3 datura-tipped darts
Armour
 b - a +0 leather armour (worn)
 J - a +2 cloak (worn)
 K - the +0 helmet "Edane" {-Tele rF- rN+++ Dex+6}
   (You found it on level 7 of the Dungeon)

   Dex:       It affects your dexterity (+6).
   rF:        It makes you vulnerable to fire.
   rN:        It renders you almost immune to negative energy.
   -Tele:     It prevents most forms of teleportation.
Jewellery
 i - a +4 ring of evasion (left hand)
 o - a ring of magical power
 p - a ring of wizardry (right hand)
 r - an amulet of regeneration (around neck)
 H - a ring of poison resistance
 N - a ring of magical power
 O - a ring of magical power
Wands
 c - a wand of flame (6)
 d - a wand of charming (13)
Scrolls
 g - a scroll of fog {unknown}
 h - a scroll of fear {unknown}
 k - 6 scrolls of teleportation {unknown}
 l - a scroll of brand weapon {unknown}
 v - 2 scrolls of identify {unknown}
 w - a scroll of immolation {unknown}
 x - a scroll of blinking {unknown}
 y - 2 scrolls of enchant weapon {unknown}
 A - a scroll of summoning
 D - a scroll of vulnerability {unknown}
 I - 2 scrolls of noise {unknown}
 M - a scroll of magic mapping {unknown}
Potions
 f - 2 potions of curing {unknown}
 j - 3 potions of mutation {unknown}
 m - a potion of cancellation {unknown}
 t - a potion of might {unknown}
 z - 2 potions of degeneration {unknown}
 B - a potion of flight
 E - a potion of heal wounds
 F - 3 potions of magic {unknown}
 G - a potion of haste {unknown}
 L - a potion of attraction {unknown}
Miscellaneous
 e - a piece from Xom's chessboard (15/15)


   Skills:
 + Level 4.9 Fighting
 + Level 9.2(9.3) Axes
 + Level 1.4(6.0) Maces & Flails
 - Level 2.0 Armour
 + Level 4.2 Dodging
 - Level 1.0 Stealth
 * Level 1.9 Spellcasting
 * Level 2.1 Hexes
 + Level 4.1 Evocations


You had 7 spell levels left.
You knew the following spells:

 Your Spells              Type           Power      Damage    Failure   Level
a - Cause Fear            Hex            4%         N/A       32%         4

Your spell library contained the following spells:

 Spells                   Type           Power      Damage    Failure   Level
 Ensorcelled Hibernation  Hex/Ice        10%        N/A       9%          2
 Passwall                 Tmut/Erth      0%         N/A       13%         2
 Inner Flame              Hex/Fire       5%         N/A       16%         3
 Portal Projectile        Hex/Tloc       10%        N/A       16%         3
 Gell's Gravitas          Tloc           1%         N/A       26%         3
 Lesser Beckoning         Tloc           1%         N/A       26%         3
 Swiftness                Air            1%         N/A       26%         3
 Teleport Other           Tloc           1%         N/A       26%         3
 Blade Hands              Tmut           0%         N/A       91%         5
 Excruciating Wounds      Necr           0%         N/A       91%         5
 Discord                  Hex            4%         N/A       100%        8


Dungeon Overview and Level Annotations

Branches:
Dungeon (8/15)             Temple (1/1) D:4
   Lair: D:8-11

Altars:
Ashenzari
Cheibriados
Elyvilon
Fedhas
Gozag
Hepliaklqana
Kikubaaqudgha
Nemelex Xobeh
Okawaru
Qazlal
Ru
Sif Muna
Trog
Uskayaw
Vehumet
Wu Jian
Xom
Yredelemnul
Zin

Shops:
D:3 [((=   D:7 ?

Annotations:
D:1 exclusion: downstairs
D:3 exclusion: downstairs
D:4 exclusion: downstairs
D:6 1 runed translucent door, exclusion: door, Melanol's ghost, amateur FeBe
D:7 exclusion: downstairs
D:8 Psyche


Message History

You hit the acid dragon but do no damage.
The acid dragon is moderately wounded.
The acid dragon closely misses you. The acid dragon claws you.
You slice the acid dragon!!
You kill the acid dragon!
You now have 645 gold pieces (gained 14).
You now have 649 gold pieces (gained 4).
Psyche the Insane Magess comes into view.
She is wielding a +0 dagger of chaos and carrying a wand of acid (7).
Found 14 gold pieces.
Found a stone staircase leading up.
Psyche zaps a wand.
The bolt of acid hits you!!
Psyche zaps a wand.
The bolt of acid misses you.
You miss Psyche.
Psyche points at you and mumbles some strange words.
You resist with some effort.
You slash Psyche!
Psyche is moderately wounded.
Psyche laughs secretively.
Psyche closely misses you.
Psyche zaps a wand.
The bolt of acid misses you.
You hit Psyche.
Psyche is moderately wounded.
Psyche zaps a wand.
The bolt of acid hits you!! The acid corrodes you!
You hit Psyche.
Psyche is heavily wounded.
Psyche hits you with a +0 dagger of chaos.
You are poisoned.
You barely miss Psyche.
Psyche is heavily wounded.
You feel sick.
Psyche sucks her thumb.
Psyche mumbles some strange words.
Psyche flickers and vanishes!
Deactivating autopickup; reactivate with Ctrl-A.
Something hits you. Something freezes you.
You miss something.
You feel sick.
You hear a zap.
A bolt of acid appears from out of thin air!
The bolt of acid hits you!!!
Ouch! That really hurt!
You die...
Your body crumbles into a pile of gold.

......##..........
.. #.....###........
#.# #.....##...###..
#.. #......#..## ##.
##$.###.......## #.
#....###......# ##
#.....##......# #
#..{.........## #
##.#..@.....#....#
#.
#..........####.....
... #..........#
##........
###.........#
........
##.........#
#.......
#.#.........
###....<.....
#..........
#......####


There were no monsters in sight!

Vanquished Creatures
  Prince Ribbit (D:8)
  A wraith (D:7)
  An acid dragon (D:8)
  2 water moccasins
  2 sky beasts
  3 black bears
  2 ogres (D:4)
  3 phantoms
  Blork the orc (D:4)
  2 bullfrogs
  2 scorpions
  A wyvern skeleton (D:6)
  2 orc priests (D:5)
  2 centaur skeletons
  3 hounds
  An iguana (D:5)
  A gnoll shaman (D:4)
  2 orc wizards
  5 adders
  9 gnolls
  An adder skeleton (D:4)
  3 worms
  A dart slug (D:1)
  8 orcs
  2 bats (D:2)
  7 endoplasms
  A giant cockroach (D:3)
  5 goblins
  9 hobgoblins
  11 jackals
  5 kobolds
  2 quokkas (D:4)
  6 ball pythons
  6 frilled lizards
  7 rats
120 creatures vanquished.

Vanquished Creatures (others)
  A hound (D:5)
  A hobgoblin (D:1)
2 creatures vanquished.

Grand Total: 122 creatures vanquished

Notes
Turn   | Place    | Note
-------+----------+-------------------------------------------
     0 | D:1      | H0rd4k the Human Artificer began the quest for the Orb.
     0 | D:1      | Reached XP level 1. HP: 15/15 MP: 1/1
   666 | D:1      | Reached XP level 2. HP: 15/21 MP: 2/2
  1743 | D:1      | Reached XP level 3. HP: 4/26 MP: 3/3
  2425 | D:2      | Found a faded altar of an unknown god.
  2491 | D:2      | Reached skill level 1 in Maces & Flails
  2697 | D:2      | Identified the +7 broad axe of Xeec {vorpal, Str+3 Int+3
                  | Dex-5}
  2757 | D:2      | Reached XP level 4. HP: 32/32 MP: 4/4
  3014 | D:3      | Found an iron altar of Okawaru.
  3017 | D:3      | Found Axzif's Weapon Boutique.
  3154 | D:3      | Found Efoegel's Jewellery Shoppe.
  3226 | D:3      | Found a snail-covered altar of Cheibriados.
  3449 | D:3      | Found Gett's Antique Weapon Emporium.
  3462 | D:3      | Found Cimarung's Armour Shoppe.
  3474 | D:3      | Reached skill level 1 in Axes
  3913 | D:4      | Noticed Blork the orc
  4062 | D:4      | Noticed an ogre
  4064 | D:4      | Noticed a black bear
  4066 | D:4      | Noticed a phantom
  4067 | D:4      | Killed an ogre
  4068 | D:4      | Reached skill level 2 in Axes
  4068 | D:4      | Reached XP level 5. HP: 37/38 MP: 5/5
  4074 | D:4      | Killed a phantom
  4075 | D:4      | Reached skill level 3 in Axes
  4075 | D:4      | Reached XP level 6. HP: 36/46 MP: 6/6
  4152 | D:4      | Killed Blork the orc
  4153 | D:4      | Reached skill level 4 in Axes
  4201 | D:4      | Found a staircase to the Ecumenical Temple.
  4214 | D:4      | Killed a black bear
  4215 | D:4      | Reached XP level 7. HP: 27/51 MP: 7/7
  4499 | Temple   | Entered the Ecumenical Temple
  4555 | Temple   | Became a worshipper of Gozag Ym Sagoz the Greedy
  4628 | D:4      | Reached skill level 5 in Axes
  5156 | D:4      | Found an ancient bone altar of Kikubaaqudgha.
  5412 | D:5      | Entered Level 5 of the Dungeon
  5548 | D:5      | Reached XP level 8. HP: 35/58 MP: 8/8
  5872 | D:5      | Reached skill level 6 in Axes
  6348 | D:6      | Found a broken altar of Ashenzari.
  6399 | D:6      | Found a runed translucent door.
  6411 | D:6      | Reached skill level 7 in Axes
  6671 | D:6      | Noticed Melanol's ghost (amateur FeBe)
  6851 | D:6      | Found a shimmering altar of Xom.
  7030 | D:6      | Reached XP level 9. HP: 61/65 MP: 9/9
  7083 | D:6      | Reached skill level 8 in Axes
  7289 | D:6      | Learned a level 4 spell: Cause Fear
  7461 | D:7      | Reached skill level 1 in Hexes
  7509 | D:7      | Reached skill level 1 in Spellcasting
  7604 | D:7      | Found Baunlomist's Magic Scroll Shoppe.
  7697 | D:7      | Identified the +0 helmet "Edane" {-Tele rF- rN+++ Dex+6}
  7723 | D:7      | Found a hide-covered altar of Uskayaw.
  8295 | D:8      | Reached skill level 9 in Axes
  8319 | D:8      | Noticed a six-headed hydra
  8418 | D:8      | Noticed Prince Ribbit
  8422 | D:8      | Killed Prince Ribbit
  8433 | D:8      | Noticed Psyche
  8442 | D:8      | Killed from afar by Psyche

Illustrated notes

Levels and vault maps discovered:
D:1:      dpeg_arrival_signposts, layout_basic
D:2:      layout_basic, shapermc_ecumenical_altar_petra
D:3:      layout_basic, overflow_temple_1_default,
          nicolae_overflow_hidden_temple, serial_shops, shop, shop,
          nicolae_shop_hallway_plus, shop
D:4:      layout_loops_cross, kiku_gazebo_pond_becter,
          minmay_temple_entry_large_hall, uniq_blork_the_orc
D:5:      layout_rooms, minmay_misc_feat_room, moated_statue
D:6:      layout_basic, kennysheep_mini_moat, tgw_xom,
          ebering_ghost_reflecting_pool, st_stairs_4
D:7:      layout_loops_ring, nicolae_uskayaw_murder_on_the_dancefloor,
          serial_shops, nicolae_shop_statue_plus
D:8:      kennysheep_steamy, layout_layer_cave, lemuel_flame_loot_1,
          uniq_prince_ribbit1, uniq_psyche
Temple:   nicolae_temple_great_sept

Skill      XL: |  1  2  3  4  5  6  7  8  9 |
---------------+----------------------------+-----
Maces & Flails | 1 |  1.4
Axes           | 2 3 4 5 7 9 |  9.2
Fighting       | 2 3 4 |  4.9
Dodging        | 2 3 4 |  4.2
Evocations     | 4 |  4.1
Hexes          | 2 |  2.1
Spellcasting   | 1 |  1.9
Armour         | |  2.0
Stealth        | |  1.0

Action                   |  1- 3 |  4- 6 |  7- 9 || total
-------------------------+-------+-------+-------++-------
Melee: Club              |   130 |       |       ||   130
       Broad axe         |     5 |    70 |   181 ||   256
       Punch             |       |     2 |     1 ||     3
Evoke: Wand              |    10 |       |     1 ||    11
       Piece from Xom's  |       |     4 |       ||     4
  Use: Potion            |     2 |       |       ||     2
 Stab: Sleeping          |     1 |       |       ||     1
       Paralysed         |       |     5 |       ||     5
Armor: Leather armour    |    63 |     8 |    25 ||    96
Dodge: Dodged            |   143 |    58 |   137 ||   338
